Map: Ascension to Aiur LE

Players

DnS

  • Race: Protoss Protoss
  • League: Grandmaster
  • Spawn Location: 5:00

SortOf - Winner!

  • Race: Zerg Zerg
  • League: Master
  • Spawn Location: 11:00

VOD

Have the link to the VOD?

Description

Time

  • Played on: Dec. 3, 2017, 10:42 a.m.
  • Length: 17:16
Show
View Real Time Build Order
Export as new Build Order

DnS Protoss 

Build Orders: 1 Gate Expand, Oracle Opening, Phoenix Opening, Archon Immortal, Zealot Archon, Archon Drop 

Get SALT Encoding   

  12  0:00  Probe  
  13  0:12  Probe  
  14  0:18  Pylon  
  14  0:24  Probe (Chrono Boost)  
  15  0:36  Probe (Chrono Boost)  
  15  0:40  Gateway  
  17  0:45  Probe (Chrono Boost)  
  17  0:47  Assimilator  
  17  0:50  Probe  
  18  1:03  Probe  
  19  1:15  Probe  
  20  1:22  Nexus  
  20  1:32  Cybernetics Core  
  20  1:36  Probe  
  21  1:41  Assimilator  
  21  1:48  Probe  
  21  1:51  Pylon  
  22  2:00  Probe  
  23  2:09  Adept (Chrono Boost)  
  23  2:12  Probe  
  26  2:21  Stargate  
  26  2:25  Probe (Chrono Boost)  
  26  2:26  Adept (Chrono Boost)  
  29  2:35  Warp Gate, Probe (Chrono Boost)  
  32  2:45  Probe x2 (Chrono Boost)  
  32  2:48  Adept, Probe  
  32  2:49  Probe  
  36  3:00  Probe  
  36  3:01  Probe  
  41  3:07  Phoenix (Chrono Boost)  
  41  3:11  Pylon  
  40  3:12  Probe  
  40  3:13  Probe  
  42  3:25  Probe  
  46  3:29  Pylon, Probe  
  46  3:31  Oracle  
  47  3:37  Probe  
  48  3:41  Probe  
  48  3:43  Gateway  
  48  3:45  Gateway  
  49  3:53  Probe (Chrono Boost), Assimilator  
  51  3:56  Probe (Chrono Boost), Assimilator  
  53  4:03  Probe x2 (Chrono Boost)  
  53  4:06  Robotics Facility  
  53  4:07  Probe  
  54  4:13  Probe  
  54  4:16  Twilight Council  
  55  4:17  Forge  
  55  4:20  Probe  
  56  4:25  Probe  
  57  4:32  Probe  
  57  4:35  Nexus  
  58  4:38  Pylon  
  58  4:43  Protoss Ground Weapons Level 1, Charge  
  58  4:52  Gateway  
  58  4:54  Warp Prism (Chrono Boost)  
  60  5:00  Templar Archives  
  60  5:10  Gateway  
  60  5:17  Gateway  
  60  5:19  Gateway  
  60  5:20  Gateway  
  60  5:22  Probe  
  60  5:23  Probe  
  62  5:29  Warp Prism  
  64  5:40  Probe  
  64  5:41  Pylon  
  65  5:43  Shield Battery  
  65  5:48  High Templar x3  
  65  5:49  Probe x2  
  73  5:51  High Templar  
  73  5:52  Archon  
  73  5:55  Archon  
  75  6:04  Probe x2 (Chrono Boost)  
  77  6:14  Probe (Chrono Boost)  
  78  6:19  Probe  
  78  6:23  Zealot x7  
  93  6:27  Pylon  
  93  6:28  Pylon  
  93  6:30  Pylon  
  93  6:37  Probe x2  
  81  6:40  Probe  
  81  6:46  Psionic Storm  
  82  6:48  Zealot x8  
  82  6:49  Probe  
  99  6:57  Protoss Ground Weapons Level 2 (Chrono Boost)  
  99  6:59  Probe x2  
  99  7:01  Probe  
  100  7:02  Assimilator  
  100  7:03  Assimilator  
  92  7:10  High Templar x3  
  92  7:11  Probe  
  93  7:18  Probe  
  93  7:19  Probe  
  95  7:23  Probe  
  95  7:26  High Templar x2  
  100  7:30  Probe  
  100  7:32  Pylon, Shield Battery, Probe  
  100  7:35  Probe  
  103  7:38  High Templar  
  103  7:39  Zealot x2  
  103  7:43  Photon Cannon, Shield Battery  
  109  7:50  Pylon  
  109  7:52  Immortal (Chrono Boost)  
  109  7:54  Nexus  
  109  7:56  Probe x2  
  115  8:00  Pylon  
  115  8:10  High Templar x2  
  119  8:15  Robotics Facility  
  119  8:16  Archon  
  119  8:17  Zealot x2  
  119  8:18  Observer (Chrono Boost), Zealot x2  
  128  8:22  Zealot  
  130  8:31  Gateway  
  130  8:32  Gateway  
  132  8:54  High Templar x4  
  140  8:59  Archon  
  140  9:01  Assimilator  
  140  9:02  Assimilator  
  140  9:05  Pylon  
  144  9:11  Immortal (Chrono Boost)  
  144  9:13  Protoss Ground Weapons Level 3 (Chrono Boost), Immortal (Chrono Boost)  
  144  9:18  Pylon  
  144  9:19  Pylon  
  144  9:21  Pylon  
  144  9:27  Photon Cannon  
  144  9:30  Pylon, Zealot x3  
  144  9:31  Zealot x6  
  158  9:37  Immortal (Chrono Boost)  
  165  9:49  Immortal (Chrono Boost)  
  165  9:52  Zealot x3  
  173  10:06  High Templar x3  
  181  10:07  High Templar  
  181  10:08  Stalker x2  
  181  10:09  Immortal (Chrono Boost)  
  181  10:10  Archon  
  181  10:11  Archon x2  
  167  10:30  High Templar x2  
  167  10:31  Sentry, Immortal (Chrono Boost)  
  167  10:35  Photon Cannon, Blink  
  173  10:37  Gateway, Archon  
  173  10:39  Gateway  
  177  10:43  Gateway  
  177  10:46  Pylon  
  177  10:53  Immortal (Chrono Boost)  
  177  10:54  Photon Cannon, Shield Battery  
  177  10:55  Pylon  
  177  11:02  High Templar x2  
  179  11:06  Archon  
  179  11:08  Warp Prism (Chrono Boost), High Templar x2  
  183  11:12  Archon, Zealot  
  183  11:13  Zealot x5  
  183  11:17  Fleet Beacon  
  193  11:34  Stargate  
  193  11:35  Stargate  
  193  11:39  Observer x2  
  195  11:43  Nexus  
  195  11:45  Pylon  
  193  11:47  Zealot x3  
  193  11:52  Protoss Air Weapons Level 1  
  193  12:10  Zealot x4  
  183  12:25  Mothership (Chrono Boost)  
  183  12:29  Zealot x4  
  199  12:33  Zealot x4  
  199  12:34  Zealot  
  187  12:56  Immortal (Chrono Boost)  
  133  13:03  High Templar x5  
  132  13:09  High Templar x4  
  132  13:10  Observer (Chrono Boost)  
  132  13:11  Photon Cannon  
  133  13:12  Archon  
  133  13:13  Archon, Pylon  
  133  13:14  Zealot x2  
  135  13:25  Immortal (Chrono Boost)  
  140  13:36  Immortal (Chrono Boost), High Templar  
  140  13:37  High Templar  
  144  13:42  Archon  
  144  13:44  Zealot x7  
  144  13:45  Zealot x2  
  145  14:05  Zealot x4  
  145  14:06  Zealot x3  
  159  14:12  Immortal (Chrono Boost)  
  159  14:13  Templar Archives  
  118  14:25  Zealot x4  
  118  14:26  Zealot x4  
  108  14:41  Immortal (Chrono Boost)  
  108  14:43  Carrier (Chrono Boost)  
  100  14:46  Zealot x4  
  100  14:47  Zealot x2  
  104  14:55  Zealot  
  104  14:56  High Templar  
  116  15:01  Graviton Catapult  
  116  15:08  Carrier (Chrono Boost)  
  116  15:09  Carrier (Chrono Boost), High Templar x2  
  120  15:24  High Templar x2  
  124  15:31  Observer (Chrono Boost)  
  124  15:35  Zealot x3  
  101  15:55  High Templar x2  
  103  15:57  Zealot x4  
  103  15:58  Zealot  
  103  16:01  Archon  
  113  16:12  Nexus  
  112  16:20  Zealot x2  
  112  16:22  Zealot x2  
Show
View Real Time Build Order
Export as new Build Order

SortOf Zerg - Winner!

Build Orders: Hatch First, Lurkers 

Get SALT Encoding   

  12  0:00  Drone  
  13  0:12  Overlord  
  13  0:17  Drone  
  14  0:31  Drone  
  14  0:32  Drone  
  16  0:48  Hatchery  
  15  0:51  Drone  
  15  0:55  Drone  
  17  0:59  Drone  
  18  1:05  Extractor  
  17  1:14  Spawning Pool  
  17  1:18  Drone  
  17  1:21  Drone  
  18  1:28  Drone  
  19  1:39  Drone  
  20  1:52  Drone  
  21  2:00  Overlord  
  21  2:01  Queen x2  
  21  2:02  Zergling x2  
  26  2:13  Drone x2  
  28  2:16  Metabolic Boost  
  28  2:23  Drone x2  
  30  2:33  Drone  
  31  2:41  Hatchery  
  30  2:46  Drone  
  30  2:47  Overlord  
  30  2:50  Zergling x2  
  32  2:55  Zergling x4  
  34  3:00  Pneumatized Carapace  
  34  3:05  Drone x2  
  35  3:08  Zergling x2  
  35  3:09  Drone  
  35  3:12  Drone  
  38  3:15  Drone  
  39  3:22  Drone x2  
  39  3:23  Drone x2  
  43  3:29  Overlord  
  43  3:39  Overlord  
  43  3:41  Overlord  
  43  3:44  Evolution Chamber, Drone  
  43  3:47  Queen  
  45  3:48  Drone x2  
  45  3:51  Overlord  
  45  3:53  Drone  
  50  3:55  Drone x2  
  51  4:02  Drone  
  51  4:07  Drone x2  
  53  4:10  Spore Crawler  
  53  4:11  Zerg Melee Weapons Level 1, Spore Crawler  
  53  4:13  Drone x2  
  53  4:17  Spore Crawler  
  53  4:18  Drone  
  53  4:20  Drone  
  54  4:27  Drone  
  54  4:28  Overlord, Drone x2  
  54  4:30  Drone  
  58  4:34  Queen  
  60  4:41  Overlord  
  60  4:42  Zergling x2  
  60  4:43  Zergling x6  
  63  4:49  Drone x2  
  63  4:51  Lair  
  65  4:52  Extractor  
  65  4:54  Drone  
  65  4:55  Drone  
  65  4:58  Drone x2  
  68  5:00  Baneling Nest  
  68  5:02  Drone x2  
  68  5:05  Drone x3  
  68  5:06  Drone  
  73  5:15  Zergling x2  
  73  5:16  Zergling x2  
  73  5:18  Overlord  
  73  5:19  Overlord x2  
  76  5:22  Queen  
  76  5:26  Drone x2  
  76  5:27  Overlord, Extractor x2  
  76  5:28  Drone  
  79  5:31  Drone x2  
  80  5:38  Zergling x2  
  80  5:39  Zergling x8  
  84  5:46  Extractor  
  84  5:47  Zergling x6  
  84  5:48  Spine Crawler  
  85  5:53  Overseer, Baneling x2, Hydralisk Den  
  85  5:54  Baneling x2  
  85  5:56  Baneling  
  84  5:58  Zergling x4  
  84  5:59  Spine Crawler, Zergling x12  
  84  6:01  Queen  
  93  6:08  Overlord  
  93  6:15  Overlord  
  93  6:17  Overlord  
  93  6:20  Overlord  
  93  6:23  Overlord  
  93  6:24  Hydralisk x3  
  87  6:40  Hydralisk x5  
  87  6:42  Drone x2  
  87  6:43  Hatchery  
  96  6:49  Hydralisk x3  
  101  6:59  Hydralisk x3  
  101  7:01  Hydralisk  
  101  7:03  Hydralisk  
  101  7:08  Hydralisk  
  91  7:15  Drone x2  
  93  7:18  Drone x2  
  93  7:19  Drone x2  
  93  7:20  Drone  
  98  7:28  Drone  
  99  7:31  Drone x2  
  99  7:33  Drone x2  
  99  7:34  Drone  
  104  7:37  Muscular Augments  
  104  7:38  Zerg Missile Weapons Level 1  
  104  7:43  Overlord  
  104  7:47  Overlord, Drone x3  
  104  7:50  Overseer  
  107  7:59  Hydralisk x4  
  107  8:00  Zergling x2  
  107  8:01  Zergling x2  
  117  8:08  Extractor  
  117  8:09  Hydralisk x2  
  117  8:10  Hydralisk  
  122  8:24  Zergling x20  
  122  8:25  Zergling x4  
  134  8:27  Centrifical Hooks  
  134  8:30  Drone x2  
  136  8:34  Hydralisk  
  136  8:39  Zergling x4, Hydralisk  
  142  8:47  Hydralisk x5  
  151  8:52  Overlord  
  151  8:55  Zergling x2  
  151  8:56  Zergling x16  
  160  9:07  Lurker Den  
  160  9:09  Drone  
  160  9:11  Overlord, Drone  
  160  9:12  Drone  
  160  9:13  Drone  
  163  9:19  Drone x3  
  163  9:20  Overlord, Extractor  
  163  9:22  Baneling x9  
  163  9:23  Extractor  
  164  9:26  Overlord  
  164  9:27  Baneling x8  
  164  9:29  Drone  
  164  9:30  Overlord  
  165  9:33  Drone x2  
  165  9:35  Drone  
  168  9:51  Zergling x16  
  172  9:55  Zergling x10  
  167  10:09  Drone x2  
  167  10:12  Queen  
  160  10:19  Infestation Pit  
  156  10:22  Drone x2  
  158  10:29  Overlord  
  158  10:32  Lurker x2  
  158  10:33  Lurker x8  
  158  10:34  Hatchery, Lurker  
  168  10:37  Hydralisk  
  168  10:39  Hatchery  
  168  10:54  Hydralisk x5  
  178  11:02  Hydralisk  
  178  11:03  Hydralisk x2  
  182  11:13  Hydralisk x4  
  182  11:18  Overlord  
  190  11:23  Hive  
  190  11:28  Drone  
  190  11:29  Drone x3  
  193  11:38  Zergling x12  
  199  11:49  Baneling  
  199  11:50  Baneling x6  
  199  11:53  Spire  
  198  11:55  Evolution Chamber  
  190  12:13  Zergling x2  
  190  12:14  Zergling x18  
  184  12:37  Baneling x14  
  184  12:39  Zergling x28  
  184  12:40  Zergling x2  
  193  13:00  Hydralisk x4  
  193  13:05  Drone x3  
  190  13:18  Hatchery  
  187  13:21  Baneling x3  
  187  13:33  Drone x2  
  189  13:35  Drone  
  189  13:38  Greater Spire  
  189  13:40  Drone  
  188  13:49  Zergling x14  
  194  13:55  Hydralisk x2  
  193  14:03  Hydralisk  
  193  14:08  Hydralisk x2  
  195  14:11  Baneling x3  
  195  14:12  Baneling x3, Hydralisk  
  195  14:17  Overseer  
  190  14:18  Hydralisk x2  
  190  14:21  Hydralisk  
  163  14:29  Hydralisk x2  
  145  14:41  Hydralisk  
  145  14:42  Hydralisk x2  
  135  14:51  Hydralisk x2  
  135  14:52  Zergling x2  
  120  15:01  Lurker x4  
  120  15:02  Lurker  
  123  15:08  Lurker  
  123  15:09  Lurker x2  
  123  15:13  Zergling x4  
  128  15:17  Overseer  
  128  15:19  Overseer  
  128  15:21  Zergling x6  
  128  15:26  Lurker  
  128  15:27  Lurker  
  133  15:29  Zergling x8  
  133  15:35  Zergling x8  
  115  15:57  Hydralisk x8  
  130  16:04  Baneling x4  
  130  16:07  Hydralisk x2  
  134  16:15  Hydralisk x3  
  134  16:30  Hydralisk x5  
  144  16:42  Hydralisk x4  
  152  16:53  Zergling x4  
Tags
 
Add a new tag
Caveats
  • Supply blocks, unpowered buildings, or Contaminate may cause inaccurate times.
  • Supply counts are checked every 10 seconds.